 Dungeon Crawl Stone Soup version 0.25-a0-294-gea9b1ad378 (webtiles) character file.

Game seed: 12162913288270080229, levelgen mode: classic

23291 Borgoz the Fighter (level 13, -13/84 HPs)
             Began as a Gargoyle Gladiator on Dec 19, 2019.
             Was the Champion of Okawaru.
             Mangled by a very large slime creature (21 damage)
             ... on level 13 of the Dungeon.
             The game lasted 00:32:45 (12045 turns).

Borgoz the Fighter (Gargoyle Gladiator)            Turns: 12045, Time: 00:32:46

Health: -13/84     AC: 33    Str: 18    XL:     13   Next: 5%
Magic:  25/25      EV: 13    Int: 17    God:    Okawaru [******]
Gold:   137        SH:  0    Dex: 17    Spells: 16/17 levels left

rFire    . . .     SeeInvis +   a - +2 scimitar
rCold    . . .     Gourm    .   (no shield)
rNeg     + . .     Faith    +   M - +1 chain mail of the Maze {rPois rCorr Dex+4 Stlth+} (curse)
rPois    ∞         Spirit   .   q - +2 hat
rElec    +         Reflect  .   x - +1 cloak
rCorr    +         Harm     .   (no gloves)
MR       .....                  c - +2 pair of boots
Stlth    +.........             k - amulet of faith
HPRegen  0.24/turn              e - +3 ring of protection
MPRegen  0.19/turn              G - ring "Vigiopoc" {MP+9 Int+7 Dex-2 SInv}

@: about to teleport, very slightly contaminated, invisible
A: negative energy resistance 1, electricity resistance, unbreathing,
petrification resistance, rot immunity, AC +9
a: Heroism, Finesse, Renounce Religion


You were on level 13 of the Dungeon.
You worshipped Okawaru.
Okawaru was exalted by your worship.
You were not hungry.

You visited 2 branches of the dungeon, and saw 14 of its levels.
You visited 1 bazaar.
You also visited: Sewer.

You collected 770 gold pieces.
You spent 633 gold pieces at shops.

Inventory:

Hand Weapons
 a - a +2 scimitar (weapon)
 b - a +2 great sword of freezing
 K - a +4 quick blade
Armour
 c - a +2 pair of boots (worn)
 h - a +2 troll leather armour {Purgy}
 q - a +2 hat (worn)
 x - a +1 cloak (worn)
 I - a +2 plate armour of fire resistance
 M - the cursed +1 chain mail of the Maze (worn) {rPois rCorr Dex+4 Stlth+}
   (You bought it in a shop in a bazaar)

   It affects your dexterity (+4).
   It protects you from poison.
   It provides partial protection from all sources of acid and corrosion.
   It makes you more stealthy.
   It has a curse placed upon it.
Jewellery
 e - a +3 ring of protection (left hand)
 k - an amulet of faith (around neck)
 p - an uncursed ring of protection from magic
 G - the ring "Vigiopoc" (right hand) {MP+9 Int+7 Dex-2 SInv}
   (You found it on level 10 of the Dungeon)

   [ring of magical power]

   It affects your intelligence (+7).
   It affects your dexterity (-2).
   It affects your magic capacity (+9).
   It lets you see invisible.
 H - an uncursed ring of resist corrosion
 N - an uncursed ring of protection from cold
Wands
 l - a wand of polymorph (9)
 t - a wand of paralysis (1)
 B - a wand of acid (4)
 F - a wand of digging (4)
 P - a wand of disintegration (5)
Scrolls
 m - 4 scrolls of enchant weapon
 s - 2 scrolls of fog {unknown}
 u - 2 scrolls of magic mapping {unknown}
 w - 11 scrolls of teleportation
 y - 2 scrolls of amnesia {unknown}
 A - a scroll of vulnerability {unknown}
 C - 2 scrolls of blinking
 J - a scroll of remove curse
 L - 2 scrolls of identify
 O - 2 scrolls of enchant armour
Potions
 g - a potion of cancellation {unknown}
 i - a potion of resistance {unknown}
 j - 3 potions of invisibility
 n - 3 potions of flight {unknown}
 o - 4 potions of haste {unknown}
 r - 3 potions of brilliance {unknown}
 v - 4 potions of might
 z - 2 potions of curing {unknown}
 D - 3 potions of degeneration {unknown}
 E - a potion of lignification {unknown}
Comestibles
 f - 15 rations


   Skills:
 * Level 11.3 Fighting
 * Level 9.8 Long Blades
 - Level 1.7 Throwing
 * Level 10.9 Armour
 * Level 9.1 Dodging
 + Level 3.5 Stealth
 + Level 2.6 Spellcasting
 + Level 2.6 Hexes
 + Level 3.5 Invocations
 + Level 2.9 Evocations


You had 16 spell levels left.
You knew the following spells:

 Your Spells              Type           Power        Failure   Level  Hunger
a - Confusing Touch       Hex            ##....       45%         1    #......

Your spell library contained the following spells:

 Spells                   Type           Power        Failure   Level  Hunger
 Animate Skeleton         Necr           N/A          83%         1    #......
 Apportation              Tloc           #.....       83%         1    #......
 Beastly Appendage        Tmut           #.....       83%         1    #......
 Shock                    Conj/Air       #...         83%         1    #......
 Summon Small Mammal      Summ           #...         83%         1    #......
 Call Imp                 Summ           #.......     92%         2    ##.....
 Sticks to Snakes         Tmut           #.......     92%         2    ##.....
 Swiftness                Chrm/Air       #.......     92%         2    ##.....
 Summon Guardian Golem    Hex/Summ       #.......     95%         3    ###....
 Call Canine Familiar     Summ           #.......     99%         3    ###....
 Spider Form              Tmut/Pois      #.........   99%         3    ###....
 Static Discharge         Conj/Air       #.......     99%         3    ###....
 Airstrike                Air            #.........   100%        4    #####..
 Ice Form                 Ice/Tmut       #.......     100%        4    #####..
 Summon Ice Beast         Ice/Summ       #.......     100%        4    #####..
 Summon Lightning Spire   Summ/Air       #.......     100%        4    #####..
 Blade Hands              Tmut           #.........   100%        5    ######.
 Lightning Bolt           Conj/Air       #.........   100%        5    ######.


Dungeon Overview and Level Annotations

Branches:
Dungeon (13/15)            Temple (1/1) D:6            Lair (0/6) D:9
    Orc (0/2) D:12          Sewer (visited)
 Vaults: D:13-14

Altars:
Ashenzari
Cheibriados
Dithmenos
Elyvilon
Fedhas
Gozag
Hepliaklqana
Kikubaaqudgha
Makhleb
Nemelex Xobeh
Okawaru
Qazlal
Ru
Sif Muna
Trog
Uskayaw
Vehumet
Wu Jian
Xom
Yredelemnul
Zin
The Shining One

Shops:
D:4 }   D:7 (   D:10 *   D:12 ==!!

Annotations:
D:12 3 runed translucent doors, xox's ghost, journeyman CeAM


Innate Abilities, Weirdness & Mutations

You are resistant to torment.
Your stone body is resilient. (AC +9)
You are immune to poison.
You resist negative energy. (rN+)
You are resistant to electric shocks. (rElec)
You can survive without breathing.
You are immune to petrification.
You are immune to rotting.


Message History

You throw a throwing net.
The throwing net barely misses the very large slime creature.
The throwing net hits the ogre.
The ogre is caught in the net!
The very large slime creature closely misses you.
You riposte.
You slice the very large slime creature!!
The very large slime creature is severely wounded.
The ogre struggles against the net.
It was a potion of invisibility.
You fade into invisibility!
The very large slime creature misses you.
You riposte.
You slash the very large slime creature!
The very large slime creature is severely wounded.
The ogre struggles against the net.
You are very lightly contaminated with residual magic.
As you read the scroll of teleportation, it crumbles to dust.
You feel strangely unstable.
The very large slime creature hits you!!
You die...

#########
##.......#
##<.####...
########zz##
##...@JOe*##
##.#########
#.## #.# ###


You could see a very large slime creature, a deep elf mage, an ogre (caught), 2
wights and a battlesphere.

Vanquished Creatures
  Nessos (D:12)
  A hydra (D:11)
  A two-headed ogre (D:10)
  4 unseen horrors
  The ghost of MisterFreud the Ruffian, a novice TrMo of Okawaru (D:8)
  4 ugly things
  A cyclops (D:12)
  Maurice (D:12)
  A gargoyle (D:13)
  A redback zombie (D:12)
  A kobold demonologist (D:12)
  A komodo dragon (D:10)
  A troll (D:10)
  4 slime creatures (D:12)
  3 hippogriffs
  Sigmund (D:5)
  23 yaks
  2 shadows (D:11)
  2 wyverns
  A wraith (D:10)
  Eustachio (D:5)
  Grum (D:9)
  A hungry ghost (D:13)
  Menkaure (D:7)
  The ghost of Lanoc the Ducker, an amateur MiVM of Hepliaklqana (D:3)
  2 water moccasins
  Duvessa (D:7)
  A soldier ant (D:10)
  Purgy (Sewer)
  7 orc warriors
  2 sky beasts
  10 ice beasts
  An eye of draining (D:8)
  4 phantoms
  3 black bears
  3 wolves (D:9)
  8 ogres
  7 centaurs
  4 bullfrogs
  2 gnoll sergeants
  A wyvern zombie (D:9)
  Dowan (D:7)
  6 scorpions
  A wyvern skeleton (D:12)
  5 wights
  17 killer bees
  5 electric eels
  7 howler monkeys
  4 crimson imps
  3 centaur zombies
  A quasit (D:5)
  4 orc priests
  4 bullfrog skeletons
  7 hounds
  3 jellies
  3 centaur skeletons
  6 iguanas
  9 orc wizards
  10 worker ants
  A killer bee zombie (D:6)
  A hound zombie (D:7)
  2 worker ant zombies
  3 gnolls (D:8)
  15 adders
  A river rat (D:5)
  2 shadow imps
  4 oozes
  4 adder zombies
  2 adder skeletons
  A worm (D:5)
  2 dart slugs (D:1)
  5 leopard geckos
  46 orcs
  5 giant cockroaches
  2 goblins (D:3)
  9 hobgoblins
  11 jackals
  7 kobolds
  7 quokkas
  4 ball pythons
  8 bats
  6 frilled lizards
  A jackal skeleton (D:4)
  A jackal zombie (D:5)
  2 leopard gecko skeletons
  A quokka skeleton (D:6)
  7 rats
373 creatures vanquished.

Vanquished Creatures (others)
  A plant (D:12)
1 creature vanquished.

Grand Total: 374 creatures vanquished

Notes
Turn   | Place    | Note
-------+----------+-------------------------------------------
     0 | D:1      | Borgoz the Gargoyle Gladiator began the quest for the Orb.
     0 | D:1      | Reached XP level 1. HP: 12/12 MP: 1/1
    28 | D:1      | Reached XP level 2. HP: 12/18 MP: 2/2
   131 | D:1      | You fall into a shaft and drop 1 floor!
   131 | D:2      | Found a faded altar of an unknown god.
   217 | D:2      | Reached skill level 1 in Armour
   456 | D:1      | Reached XP level 3. HP: 20/22 MP: 3/3
   793 | D:2      | Reached XP level 4. HP: 22/27 MP: 4/4
   814 | D:2      | Reached skill level 3 in Fighting
  1219 | D:3      | Found a transporter.
  1321 | D:3      | Noticed an ogre
  1321 | D:3      | Noticed an ogre
  1322 | D:3      | Noticed Lanoc's ghost (amateur MiVM)
  1324 | D:3      | Noticed an ogre
  1382 | D:3      | Found a transporter.
  1592 | D:4      | Found an opulent altar of Gozag.
  1620 | D:4      | Reached XP level 5. HP: 23/32 MP: 5/5
  1827 | D:4      | Noticed a phantom
  1872 | D:4      | Killed a phantom
  1872 | D:4      | Reached XP level 6. HP: 38/38 MP: 6/6
  1880 | D:4      | Found Cang's Gadget Shoppe.
  1907 | D:4      | Reached skill level 4 in Fighting
  2055 | D:4      | Found a shattered altar of Ashenzari.
  2055 | D:4      | Found an ancient bone altar of Kikubaaqudgha.
  2056 | D:4      | Found a bloodstained altar of Trog.
  2266 | D:5      | Entered Level 5 of the Dungeon
  2343 | D:5      | Reached XP level 7. HP: 29/44 MP: 7/7
  2366 | D:5      | Noticed a hippogriff
  2385 | D:5      | Killed a hippogriff
  2396 | D:5      | Noticed Eustachio
  2430 | D:5      | Killed Eustachio
  2430 | D:5      | Reached skill level 5 in Fighting
  2496 | D:5      | Reached XP level 8. HP: 30/49 MP: 8/8
  2571 | D:5      | Reached skill level 5 in Long Blades
  2586 | D:5      | Noticed Sigmund
  2598 | D:5      | Killed Sigmund
  2598 | D:5      | Reached skill level 5 in Armour
  2716 | D:5      | Found a glowing drain.
  2754 | Sewer    | Entered a sewer
  2809 | Sewer    | Noticed Purgy
  2826 | Sewer    | Killed Purgy
  3098 | D:5      | Found a basalt altar of Yredelemnul.
  3222 | D:5      | Reached skill level 6 in Fighting
  3363 | D:5      | Found a white marble altar of Elyvilon.
  3410 | D:6      | Found a staircase to the Ecumenical Temple.
  3473 | Temple   | Entered the Ecumenical Temple
  3730 | Temple   | Became a worshipper of Warmaster Okawaru
  3848 | D:6      | Reached skill level 5 in Dodging
  4072 | D:6      | Reached XP level 9. HP: 56/56 MP: 9/9
  4542 | D:7      | Found Hicoulac's Antique Weapon Shop.
  4547 | D:7      | Reached * piety under Okawaru
  4585 | D:7      | Noticed Dowan
  4586 | D:7      | Noticed Duvessa
  4593 | D:7      | Killed Duvessa
  4608 | D:7      | Killed Dowan
  4608 | D:7      | Reached skill level 7 in Fighting
  4753 | D:7      | Identified the +1 trident of the Moon {antimagic, Int+6
                  | Stlth+}
  4801 | D:7      | Reached ** piety under Okawaru
  4998 | D:7      | Found an ornate altar of the Wu Jian Council.
  5025 | D:7      | Noticed Menkaure
  5027 | D:7      | Found a sparkling altar of Nemelex Xobeh.
  5033 | D:7      | Killed Menkaure
  5109 | D:8      | Found a shimmering blue altar of Sif Muna.
  5356 | D:8      | Reached XP level 10. HP: 64/64 MP: 10/10
  5475 | D:8      | Reached skill level 8 in Fighting
  5547 | D:8      | Reached *** piety under Okawaru
  5691 | D:8      | Found a transporter.
  5699 | D:8      | Noticed MisterFreud's ghost (novice TrMo)
  5727 | D:8      | Found a transporter.
  6367 | D:9      | Found a staircase to the Lair.
  6382 | D:9      | Noticed Grum
  6388 | D:9      | Reached **** piety under Okawaru
  6407 | D:9      | Killed Grum
  6956 | D:9      | Got a spiked scale mail
  6967 | D:9      | Identified the +1 scale mail of the Wumpus {rElec} (You
                  | found it on level 9 of the Dungeon)
  7118 | D:9      | Reached skill level 9 in Fighting
  7193 | D:10     | Entered Level 10 of the Dungeon
  7256 | D:10     | Reached ***** piety under Okawaru
  7267 | D:10     | Found Uvaed's General Store.
  7270 | D:10     | Bought 2 potions of might for 112 gold pieces
  7539 | D:10     | Reached XP level 11. HP: 59/71 MP: 11/11
  7952 | D:10     | Killed an unseen horror
  7952 | D:10     | Received a gift from Okawaru
  7955 | D:10     | Got a jewelled great mace {god gift}
  7956 | D:10     | Identified the +4 great mace "Vakix" {protect, Int+3
                  | Stlth+} (Okawaru gifted it to you on level 10 of the
                  | Dungeon)
  8031 | D:10     | Noticed a two-headed ogre
  8051 | D:10     | Identified the +10 shortbow of Unreason {venom, rF+ Int+3}
  8061 | D:10     | Got a translucent platinum ring
  8072 | D:10     | Identified the ring "Vigiopoc" {MP+9 Int+7 Dex-2 SInv} (You
                  | found it on level 10 of the Dungeon)
  8142 | D:10     | Killed a two-headed ogre
  8142 | D:10     | Received a gift from Okawaru
  8142 | D:10     | Reached skill level 10 in Fighting
  8496 | D:3      | Killed Lanoc's ghost
  8677 | D:8      | Killed MisterFreud's ghost
  8677 | D:8      | Reached skill level 1 in Invocations
  8693 | D:8      | Learned a level 1 spell: Confusing Touch
  8806 | D:10     | Reached skill level 1 in Evocations
  8863 | D:10     | HP: 3/72 [something (1)]
  8868 | D:10     | Killed an unseen horror
  8868 | D:10     | Reached skill level 10 in Armour
  8972 | D:11     | Reached skill level 1 in Stealth
  9002 | D:11     | Reached XP level 12. HP: 44/78 MP: 11/13
  9026 | D:11     | Noticed a four-headed hydra
  9036 | D:11     | Reached skill level 1 in Spellcasting
  9036 | D:11     | Reached skill level 1 in Hexes
  9043 | D:11     | Received a gift from Okawaru
  9047 | D:11     | Killed a four-headed hydra
  9047 | D:11     | Reached ****** piety under Okawaru
  9465 | D:11     | Found a gateway to a bazaar.
  9474 | Bazaar   | Entered a bazaar
  9494 | Bazaar   | Found Bivitaq's Weapon Emporium.
  9505 | Bazaar   | Found Galu's Book Emporium.
  9550 | Bazaar   | Found Xicum's Assorted Antiques.
  9574 | Bazaar   | Found Irruts's Antique Armour Emporium.
  9579 | Bazaar   | Bought a slimy chain mail for 275 gold pieces
  9589 | Bazaar   | Identified the cursed +1 chain mail of the Maze {rPois
                  | rCorr Dex+4 Stlth+} (You bought it in a shop in a bazaar)
  9608 | Bazaar   | Found Hedinoro's Armour Shoppe.
  9700 | Bazaar   | Bought a scroll labeled PUEHIM TOFFONE for 29 gold pieces
  9711 | Bazaar   | Bought a pair of glowing boots for 217 gold pieces
 10072 | D:12     | Received a gift from Okawaru
 10311 | D:12     | Reached skill level 11 in Fighting
 10605 | D:12     | Found Cuseju's Distillery.
 10622 | D:12     | Found Nidemin's Distillery.
 10741 | D:12     | Noticed Maurice
 10767 | D:12     | Killed Maurice
 11432 | D:12     | Noticed Nessos
 11476 | D:12     | Killed Nessos
 11476 | D:12     | Received a gift from Okawaru
 11476 | D:12     | Reached XP level 13. HP: 83/84 MP: 16/16
 11598 | D:12     | Found a runed translucent gate.
 11598 | D:12     | Found a runed translucent gate.
 11598 | D:12     | Found a runed translucent gate.
 11600 | D:12     | Noticed xox's ghost (journeyman CeAM)
 11601 | D:12     | Found Isuon's Jewellery Boutique.
 11623 | D:12     | Found a staircase to the Orcish Mines.
 11628 | D:12     | Found Nusergh's Jewellery Shoppe.
 12045 | D:13     | Mangled by a very large slime creature

Levels and vault maps discovered:
D:1:      dpeg_arrival_rooms_c, layout_rooms
D:2:      layout_basic, first_ration, chequers_ecumenical_altar_simple_redux
D:3:      layout_rooms, gammafunk_ghost_smash
D:4:      layout_loops_ring, gammafunk_temple_overflow_claw,
          lemuel_doored_altar, serial_shops, kennysheep_mini_moat
D:5:      layout_basic, kennysheep_ying_yang, portal_sewer_entry_c,
          minmay_misc_feat_iff, uniq_sigmund, uniq_eustachio
D:6:      layout_gridville, minmay_temple_entry_junction
D:7:      layout_rooms, marbit_many_paths, nemelex_xobeh_ov_fountains_minmay,
          serial_shops, shop, hangedman_decor_diamond_cutter, uniq_menkaure,
          uniq_duvessa
D:8:      layout_basic, basic_altar, gammafunk_ghost_arena
D:9:      minmay_twisted_water, layout_basic, dpeg_oklobed_lair, uniq_grum
D:10:     kennysheep_windowed_halls, layout_basic, serial_shops, shop
D:11:     layout_rooms, serial_shops, bzr_in_the_mist
D:12:     layout_grid_maze, orc_0_dummy, gammafunk_ghost_hydra_chop,
          serial_shops, nicolae_shop_temple_entry_statues_fountains,
          nicolae_shop_crystal, shop, kennysheep_little_box, uniq_nessos,
          uniq_maurice
D:13:     layout_layer_cave
Temple:   minmay_temple_curvy_branch

Skill      XL: |  1  2  3  4  5  6  7  8  9 10 11 12 |
---------------+-------------------------------------+-----
Armour         | 1 2 3 4 5 7 8 10 | 10.9
Long Blades    | 3 4 5 6 8 9 |  9.8
Fighting       | 3 4 5 6 7 9 10 11 | 11.3
Dodging        | 3 4 5 6 7 8 9 |  9.1
Invocations    | 1 3 |  3.5
Evocations     | 1 2 |  2.9
Stealth        | 1 3 |  3.5
Spellcasting   | 2 |  2.6
Hexes          | 2 |  2.6
Throwing       | |  1.7

Action                   |  1- 3 |  4- 6 |  7- 9 | 10-12 | 13-15 || total
-------------------------+-------+-------+-------+-------+-------++-------
Melee: Long sword        |    78 |   163 |   203 |       |       ||   444
       Scimitar          |       |       |   207 |   936 |    39 ||  1182
       Punch             |       |       |       |     1 |       ||     1
Throw: Throwing net      |       |       |     2 |     2 |     2 ||     6
Invok: Heroism           |       |       |       |    11 |       ||    11
Evoke: Wand              |       |       |       |    10 |       ||    10
  Use: Scroll            |     3 |     7 |     1 |     7 |     1 ||    19
       Potion            |       |       |     1 |     4 |     1 ||     6
 Stab: Sleeping          |       |     1 |     5 |     3 |       ||     9
       Held in net/web   |       |       |     1 |       |       ||     1
       Paralysed         |       |       |       |    10 |       ||    10
  Eat: Chunk             |       |     5 |     7 |    22 |     2 ||    36
       Ration            |       |       |     1 |       |     1 ||     2
Armor: Leather armour    |    47 |    77 |    86 |       |       ||   210
       Troll leather arm |       |       |   139 |   334 |       ||   473
       Chain mail        |       |       |       |   177 |    17 ||   194
Dodge: Dodged            |    57 |    96 |   394 |   816 |    22 ||  1385
       Rpst.: Long sword |    20 |    28 |    52 |       |       ||   100
       Scimitar          |       |       |    62 |   222 |     6 ||   290

Table legend:
 A = Non-vault XP
 B = Vault XP
 C = Vault XP percentage of total XP
 D = Non-vault monster count
 E = Vault monster count
 F = Vault count percentage of total count
                 A         B        C        D         E       F
            +---------+---------+-------+---------+---------+-------
      Total |   24933 |    8340 |  25.1 |     317 |      56 |  15.0
            +---------+---------+-------+---------+---------+-------
        D:1 |      31 |       0 |   0.0 |      12 |       0 |   0.0
        D:2 |      70 |       0 |   0.0 |      21 |       0 |   0.0
        D:3 |      53 |     519 |  90.7 |      13 |       4 |  23.5
        D:4 |     309 |       0 |   0.0 |      18 |       0 |   0.0
        D:5 |     929 |     455 |  32.9 |      32 |      10 |  23.8
        D:6 |     481 |       0 |   0.0 |      15 |       0 |   0.0
        D:7 |    1200 |     423 |  26.1 |      35 |       4 |  10.3
        D:8 |    1485 |    1008 |  40.4 |      29 |       4 |  12.1
        D:9 |    1409 |    1083 |  43.5 |      30 |       8 |  21.1
       D:10 |    4741 |    2894 |  37.9 |      37 |      18 |  32.7
       D:11 |    8331 |       0 |   0.0 |      42 |       0 |   0.0
       D:12 |    5239 |    1816 |  25.7 |      30 |       2 |   6.2
       D:13 |     655 |       0 |   0.0 |       3 |       0 |   0.0
      Sewer |       0 |     142 | 100.0 |       0 |       6 | 100.0
            +---------+---------+-------+---------+---------+-------
